[Event "Team 45 45 League T35"]
[Site "Internet Chess Club"]
[Date "2007.10.21"]
[Round "1"]
[White "Conjurer"]
[Black "thalamus"]
[Result "0-1"]
[WhiteElo "1405"]
[BlackElo "1411"]
[Opening "English: Sicilian reversed"]
[ECO "A25"]
[Time "12:24:54"]
[TimeControl "2700+45"]

1. c4 e5 2. Nc3 Nc6 3. g3 f5 4. e3 Nf6 5. Nd5 Bc5 6. Nxf6+ Qxf6 7. Qh5+ g6 8.
Qh6 Nb4 9. Kd1 d5 10. b3 e4 11. Rb1 Nd3 12. Bxd3 exd3 13. Bb2 d4 14. exd4 Bf8
15. Qe3+ Qe7 16. Nh3 Qxe3 17. dxe3 Bh6 18. d5 O-O 19. f4 Re8 20. Kd2 c6 21. dxc6
bxc6 22. Nf2 Bb7 23. Nxd3 Rad8 24. Rhd1 c5 25. Ke1 Bf3 26. Rd2 Rxe3+ 27. Kf2
Rdxd3 28. Rxd3 Rxd3 29. Re1 Be4 30. Ba3 Bf8 31. Bc1 Bg7 32. Re2 Kf7 33. Ba3 Bd4+
34. Kf1 Rd1+ 35. Re1 Bd3+ {White resigns} 0-1

[Event "Team 45 45 League T35"]
[Site "Internet Chess Club"]
[Date "2007.10.22"]
[Round "1"]
[White "moreffee"]
[Black "wekabird"]
[Result "1-0"]
[WhiteElo "1369"]
[BlackElo "1209"]
[Opening "Réti opening"]
[ECO "A11"]
[Time "18:00:11"]
[TimeControl "2700+45"]

1. Nf3 c6 2. c4 d5 3. cxd5 cxd5 4. Nc3 e6 5. a3 Nf6 6. d4 h6 7. Bf4 Bd6 8. Bxd6
Qxd6 9. Rc1 O-O 10. Nb5 Qe7 11. Nc7 Nc6 12. Nxa8 Bd7 13. Nc7 Na5 14. Nxd5 Nxd5
15. e4 Nf6 16. Bd3 a6 17. O-O Bb5 18. Bxb5 axb5 19. e5 Nd5 20. Rc5 Qd7 21. Qd3
Nc4 22. Qb3 Nc7 23. Rc1 b6 24. R5xc4 bxc4 25. Qxc4 Nd5 26. g3 f6 27. exf6 Rxf6
28. Ne5 Qe7 29. Qc8+ Rf8 30. Qc2 Qg5 31. Kh1 h5 32. h4 Nf6 33. hxg5 {Black
resigns} 1-0

[Event "Team 45 45 League T35"]
[Site "Internet Chess Club"]
[Date "2007.10.20"]
[Round "1"]
[White "WilmaP"]
[Black "NineteenHockey"]
[Result "1-0"]
[WhiteElo "1152"]
[BlackElo "998"]
[Opening "Ruy Lopez: closed, 8.c3"]
[ECO "C89"]
[Time "07:02:12"]
[TimeControl "2700+45"]

1. e4 e5 2. Nf3 Nc6 3. Bb5 Nf6 4. O-O Be7 5. Re1 O-O 6. c3 a6 7. Ba4 b5 8. Bb3
Bb7 9. d3 d5 10. Nbd2 dxe4 11. dxe4 Bd6 12. c4 bxc4 13. Bxc4 Re8 14. b3 Bb4 15.
a3 Bc5 16. Rb1 Rb8 17. Bb2 Bd4 18. Ng5 Re7 19. b4 Bxb2 20. Rxb2 Nd4 21. Re3 Bc8
22. Qa1 c6 23. Qa2 Be6 24. Bxe6 Nxe6 25. Nxe6 Rxe6 26. h3 Rd6 27. Nf3 Qe7 28.
Rc2 Rbd8 29. Rd2 Rxd2 30. Nxd2 Qe6 31. Qxe6 fxe6 32. Nc4 Nd7 33. Rd3 Kf8 34.
Nxe5 Ke7 35. Nxc6+ {Black resigns} 1-0

[Event "Team 45 45 League T35"]
[Site "Internet Chess Club"]
[Date "2007.10.21"]
[Round "1"]
[White "WillsGambit"]
[Black "Duguesclin"]
[Result "0-1"]
[WhiteElo "1670"]
[BlackElo "1655"]
[Opening "Queen's pawn game"]
[ECO "E00"]
[Time "09:16:00"]
[TimeControl "2700+45"]

1. d4 Nf6 2. c4 e6 3. a3 Be7 4. Nc3 d5 5. Nf3 O-O 6. e3 b6 7. Bd3 dxc4 8. Bxc4
Bb7 9. Qc2 c5 10. Bd2 Nc6 11. Bb5 cxd4 12. Bxc6 dxc3 13. Bxb7 cxd2+ 14. Nxd2 Rb8
15. Ba6 b5 16. a4 Qa5 {White resigns} 0-1

[Event "Team 45 45 League T35"]
[Site "Internet Chess Club"]
[Date "2007.10.19"]
[Round "1"]
[White "RD1974"]
[Black "Chess2Play"]
[Result "0-1"]
[WhiteElo "1594"]
[BlackElo "1675"]
[Opening "Sicilian: closed, 6.Be3"]
[ECO "B26"]
[Time "18:04:38"]
[TimeControl "2700+45"]

1. e4 c5 2. Nc3 Nc6 3. g3 g6 4. Bg2 Bg7 5. d3 d6 6. Be3 Nf6 7. Qd2 Be6 8. h3 Qb6
9. Rb1 Qa5 10. a3 Nd4 11. Nge2 Nd7 12. f4 Rb8 13. O-O f5 14. Kh2 b5 15. e5 dxe5
16. fxe5 Bxe5 17. Bf4 Qc7 18. Rbe1 b4 19. Nd5 Bxd5 20. Bxd5 Bxf4 21. Nxf4 Nf6
22. Ne6 Nxe6 23. Bxe6 bxa3 24. bxa3 Rd8 25. Re2 Ne4 26. Qe1 Ng5 27. Bc4 h5 28.
h4 Nf7 29. Qc3 Rd4 30. Qd2 Rxh4+ 31. Kg2 Rg4 32. Rf3 h4 33. Qe3 Ng5 34. Qe5 Qxe5
35. Rxe5 Nxf3 36. Rxc5 Rxg3+ 37. Kf2 Kd7 38. Ra5 Rc8 39. Rxa7+ Rc7 40. Ra4 Nd4
41. Ra5 Nxc2 42. Rd5+ Ke8 43. a4 Nb4 44. Bb5+ Kf8 45. Rd8+ Kg7 46. d4 Rc2+ 47.
Kf1 Ra3 48. Kg1 Ra1+ 49. Bf1 Rcc1 50. a5 Rxf1+ 51. Kg2 Rfb1 52. a6 Ra3 53. a7
Rb2+ 54. Kf1 Ra1# {White checkmated} 0-1

[Event "Team 45 45 League T35"]
[Site "Internet Chess Club"]
[Date "2007.10.22"]
[Round "1"]
[White "rom1"]
[Black "clarinetref"]
[Result "0-1"]
[WhiteElo "1580"]
[BlackElo "1632"]
[Opening "King's Indian: Kazakh variation"]
[ECO "E91"]
[Time "10:07:24"]
[TimeControl "2700+45"]

1. d4 Nf6 2. c4 g6 3. Nc3 Bg7 4. e4 d6 5. Nf3 O-O 6. Be2 Na6 7. O-O e5 8. Bg5
Qe8 9. dxe5 dxe5 10. a3 Nc5 11. Qc2 Bg4 12. b4 Bxf3 13. Bxf3 Ne6 14. Nd5 Nxd5
15. cxd5 Nxg5 16. Bg4 h5 17. h4 hxg4 18. hxg5 Qe7 19. Qd2 Rad8 20. Rfd1 f5 21.
Qe3 b6 22. Rac1 f4 23. Qb3 Kh8 24. Rc6 Rd6 25. Rdc1 Rc8 26. Qd1 Qd7 27. Qe2 Bf8
28. Qa6 Rxc6 29. Rxc6 Bd6 30. a4 g3 31. Qe2 Bxb4 32. Qb5 a5 33. fxg3 fxg3 34.
Qd3 Bc5+ 35. Kf1 Rf8+ 36. Rf6 Be7 37. Rxf8+ Bxf8 38. Qxg3 Qf7+ 39. Ke2 Bd6 40.
Qh3+ Kg8 41. Qc8+ Kg7 42. Qh3 Be7 43. Kd3 Bxg5 {White resigns} 0-1

[Event "Team 45 45 League T35"]
[Site "Internet Chess Club"]
[Date "2007.10.21"]
[Round "1"]
[White "Aquaman"]
[Black "Toalla"]
[Result "1-0"]
[WhiteElo "1434"]
[BlackElo "1366"]
[Opening "Réti opening"]
[ECO "A04"]
[Time "15:04:43"]
[TimeControl "2700+45"]

1. Nf3 g6 2. g3 c6 3. Bg2 Nf6 4. O-O Bg7 5. d3 O-O 6. e4 d6 7. Nbd2 Bg4 8. h3
Bxf3 9. Nxf3 e5 10. c3 Nbd7 11. Bd2 Qc7 12. Qc1 Nc5 13. Ne1 Ne6 14. Bh6 Bxh6 15.
Qxh6 Kh8 16. Qd2 c5 17. Rc1 a5 18. h4 Ng7 19. Nc2 Qd7 20. Ne3 b5 21. Kh2 Ng4+
22. Nxg4 Qxg4 23. Bh3 Qf3 24. Bg2 Qh5 25. Qe3 g5 26. Qxg5 Qxg5 27. hxg5 Ne6 28.
f4 f6 29. Bh3 Ng7 30. fxe5 fxe5 31. Kg2 b4 32. c4 Kg8 33. Rh1 Kf7 34. Bf5 Nxf5
35. exf5 Kg7 36. g4 Rh8 37. Rh6 Raf8 38. Rxd6 h6 39. g6 Rf6 40. Rd5 h5 41. Rxe5
hxg4 42. Rh1 Rxh1 43. Kxh1 Kh6 44. Kg2 Kg7 45. Kg3 Rd6 46. Re3 Kf6 47. Kxg4 Rd4+
48. Kf3 Rd6 49. Kf4 Rd4+ 50. Kf3 Rd6 51. Kg4 Rd4+ 52. Kh5 Rd6 53. Re6+ Rxe6 54.
fxe6 Kxe6 55. Kh6 Kf6 56. g7 Kf7 57. Kh7 {Black resigns} 1-0

[Event "Team 45 45 League T35"]
[Site "Internet Chess Club"]
[Date "2007.10.22"]
[Round "1"]
[White "GrandPoobah069"]
[Black "jazzyrick"]
[Result "1-0"]
[WhiteElo "1683"]
[BlackElo "1603"]
[Opening "Sicilian: Alapin's variation (2.c3)"]
[ECO "B22"]
[Time "19:05:31"]
[TimeControl "2700+45"]

1. e4 c5 2. c3 Nf6 3. e5 Nd5 4. d4 cxd4 5. Nf3 Nc6 6. Bc4 e6 7. cxd4 Be7 8. O-O
O-O 9. Nc3 Nb6 10. Bb3 d6 11. exd6 Bxd6 12. Bc2 Nb4 13. Bxh7+ Kxh7 14. Ng5+ Kg6
15. Qg4 e5 16. Ne6+ Kh7 17. Qxg7# {Black checkmated} 1-0

[Event "Team 45 45 League T35"]
[Site "Internet Chess Club"]
[Date "2007.10.20"]
[Round "1"]
[White "Ziah"]
[Black "DaveTheRook"]
[Result "1-0"]
[WhiteElo "1613"]
[BlackElo "1648"]
[Opening "Pirc: classical (two knights) system"]
[ECO "B06"]
[Time "18:39:16"]
[TimeControl "2700+45"]

1. e4 g6 2. d4 d6 3. Nc3 Bg7 4. Nf3 Nf6 5. Be3 O-O 6. Be2 Nbd7 7. Qd2 Ng4 8. Bf4
c6 9. h3 Ngf6 10. O-O b5 11. a3 Nh5 12. Bh6 e5 13. dxe5 dxe5 14. Be3 Qe7 15.
Rfd1 Bb7 16. Qxd7 {Black resigns} 1-0

[Event "Team 45 45 League T35"]
[Site "Internet Chess Club"]
[Date "2007.10.22"]
[Round "1"]
[White "RingLord"]
[Black "jacknor"]
[Result "0-1"]
[WhiteElo "1511"]
[BlackElo "1625"]
[Opening "Sicilian: Taimanov variation"]
[ECO "B48"]
[Time "19:29:33"]
[TimeControl "2700+45"]

1. e4 c5 2. Nf3 e6 3. d4 cxd4 4. Nxd4 Nc6 5. Nc3 a6 6. Be3 Qc7 7. Qd2 Bb4 8. f3
Ne5 9. Bf4 d6 10. Bxe5 dxe5 11. Nde2 Ne7 12. O-O-O Bd7 13. Qg5 Rg8 14. Qh5 Rh8
15. Rd3 Bb5 16. Nxb5 axb5 17. Kb1 Ng6 18. Rb3 Qd6 19. Nc1 Nf4 20. Qg4 Ng6 21.
Bxb5+ Ke7 22. Nd3 Ba5 23. h4 Rhg8 24. g3 Nf8 25. Qg5+ f6 26. Qe3 Bb6 27. Qd2 Nd7
28. Rd1 Rgd8 29. a4 Nc5 30. Ra3 Qd4 31. Kc1 Nxa4 32. Bxa4 Rxa4 33. Rxa4 Qxa4 34.
Qb4+ Qxb4 35. Nxb4 Rxd1+ 36. Kxd1 Bf2 37. g4 Bxh4 38. Ke2 Bg5 39. Kd3 g6 40. Kc4
h5 41. Nd3 h4 42. Nf2 Kd7 43. Kb5 Kc7 44. b4 Be3 45. Nh3 b6 46. c4 Kb7 47. Ka4
Ka6 48. b5+ Kb7 49. Kb3 Kc7 50. Kb4 Kd6 51. Ka4 Kc5 52. Kb3 Bd4 53. f4 exf4 54.
Nxf4 e5 55. Nd3+ Kd6 56. Ne1 h3 57. Nf3 Kc5 58. Nh2 Bg1 59. Nf3 h2 60. Nxh2 Bxh2
61. Kc3 Bg1 {White resigns} 0-1

[Event "Team 45 45 League T35"]
[Site "Internet Chess Club"]
[Date "2007.10.23"]
[Round "1"]
[White "quotha"]
[Black "okun"]
[Result "1-0"]
[WhiteElo "1572"]
[BlackElo "1491"]
[Opening "King's Indian: Makagonov system (5.h3)"]
[ECO "E71"]
[Time "16:32:09"]
[TimeControl "2700+45"]

1. d4 Nf6 2. c4 g6 3. Nc3 Bg7 4. e4 d6 5. h3 O-O 6. Nf3 Nbd7 7. Bf4 c6 8. Be2
Re8 9. O-O Qc7 10. c5 Nh5 11. cxd6 exd6 12. Bh2 Nb6 13. a4 Be6 14. Rc1 Qd7 15.
d5 cxd5 16. exd5 Bxd5 17. Nxd5 Rxe2 18. Nxb6 axb6 19. Qxe2 Rxa4 20. Rfd1 d5 21.
Rc7 Qd8 22. Rdc1 Bf8 23. Rc8 Qd7 24. Qe8 Qxe8 25. Rxe8 Kg7 26. g4 Nf6 27. Be5
Bc5 28. g5 Bf8 29. Bxf6+ Kg8 30. Rxf8+ Kxf8 31. Rc8# {Black checkmated} 1-0

[Event "Team 45 45 League T35"]
[Site "Internet Chess Club"]
[Date "2007.10.21"]
[Round "1"]
[White "A-Ru"]
[Black "xakelari"]
[Result "0-1"]
[WhiteElo "1769"]
[BlackElo "2082"]
[Opening "Queen's pawn game, Rubinstein (Colle-Zukertort) variation"]
[ECO "D05"]
[Time "08:58:52"]
[TimeControl "2700+45"]

1. d4 Nf6 2. Nf3 d5 3. e3 e6 4. Bd3 c5 5. b3 Nc6 6. Bb2 Bd6 7. Ne5 O-O 8. f4 Ne7
9. O-O b6 10. Nd2 Bb7 11. Qf3 cxd4 12. exd4 a5 13. Qe2 Nc6 14. Rf3 Nb4 15. Rh3
Nxd3 16. cxd3 g6 17. Ndf3 Nh5 18. Qe3 f6 19. g4 Ng7 20. Nxg6 hxg6 21. Nh4 Kf7
22. g5 Rh8 23. Rf1 f5 24. Kg2 Rc8 25. Rf2 Qe7 26. Nf3 Rxh3 27. Kxh3 Qc7 28. Ne5+
Bxe5 29. dxe5 Rh8+ 30. Kg2 d4+ {White resigns} 0-1

[Event "Team 45 45 League T35"]
[Site "Internet Chess Club"]
[Date "2007.10.19"]
[Round "1"]
[White "Avedldesierto"]
[Black "Kingofknights"]
[Result "1-0"]
[WhiteElo "1721"]
[BlackElo "1710"]
[Opening "QGD Slav: 4.e3"]
[ECO "D11"]
[Time "19:09:40"]
[TimeControl "2700+45"]

1. Nf3 d5 2. d4 Nf6 3. c4 c6 4. e3 e6 5. a3 dxc4 6. Bxc4 b5 7. Bd3 Bb7 8. O-O
Qb6 9. b4 Nbd7 10. Bb2 a5 11. Qe1 Be7 12. Bc3 axb4 13. axb4 Rxa1 14. Bxa1 Nd5
15. Bc3 O-O 16. e4 Nxc3 17. Qxc3 Ra8 18. Bc2 g6 19. Nbd2 Ra2 20. Bb3 Ra3 21. Nb1
Ra6 22. Ne1 Qa7 23. Nc2 Qb8 24. Nd2 Nb6 25. f4 Na4 26. Qe3 Qf8 27. f5 exf5 28.
exf5 Bxb4 29. fxg6 hxg6 30. Bxf7+ Kg7 31. Qe5+ Kh6 32. Bxg6 Kxg6 33. Nxb4 Qxb4
34. Rf6+ Kh7 35. Qh5+ Kg7 36. Qg5+ Kh7 37. Rh6# {Black checkmated} 1-0

[Event "Team 45 45 League T35"]
[Site "Internet Chess Club"]
[Date "2007.10.21"]
[Round "1"]
[White "Ernie1"]
[Black "IceBox"]
[Result "0-1"]
[WhiteElo "1655"]
[BlackElo "1717"]
[Opening "Saragossa opening"]
[ECO "A00"]
[Time "08:06:18"]
[TimeControl "2700+45"]

1. c3 Nf6 2. d4 b6 3. Nf3 Bb7 4. Bf4 e6 5. e3 c5 6. Nbd2 Be7 7. Bxb8 Rxb8 8. Qc2
cxd4 9. exd4 h6 10. Bd3 O-O 11. h4 Nh5 12. Ng5 Bxg5 13. hxg5 Qxg5 14. O-O-O Nf6
15. Kb1 b5 16. Nf3 Qd5 17. Ne5 d6 18. Nf3 Rfc8 19. Rh4 b4 20. c4 Qa5 21. b3 Qb6
22. Rdh1 Kf8 23. Qe2 a5 24. Re1 a4 25. d5 e5 26. Bf5 Rc7 27. g4 axb3 28. axb3
Bc8 29. Bxc8 Rcxc8 30. g5 hxg5 31. Nxg5 Qa7 32. Nh7+ Nxh7 33. Rxh7 Qa3 34. Qb2
Qxb2+ 35. Kxb2 f5 36. Ra1 Kg8 37. Rh5 g6 38. Rg5 Kg7 39. Rag1 Kf7 40. Rxg6 Rg8
41. R6g5 Rxg5 42. Rxg5 Kf6 43. Rh5 Kg6 44. Rh2 Kg5 45. Rh7 Kf4 46. Rh6 Rd8 47.
Rh7 Rb8 48. Rh6 Rd8 49. Rh7 Kf3 50. Rb7 Kxf2 51. Rxb4 e4 52. Kc2 e3 53. c5 e2
54. Rf4+ Ke3 {White resigns} 0-1

[Event "Team 45 45 League T35"]
[Site "Internet Chess Club"]
[Date "2007.10.21"]
[Round "1"]
[White "mdeluca"]
[Black "Vannak1"]
[Result "1-0"]
[WhiteElo "1913"]
[BlackElo "1726"]
[Opening "Neo-Grünfeld defense"]
[ECO "D70"]
[Time "08:02:39"]
[TimeControl "2700+45"]

1. d4 Nf6 2. Nf3 g6 3. c4 d5 4. cxd5 Nxd5 5. e4 Nb6 6. Nc3 Bg7 7. Be2 c5 8. Be3
c4 9. O-O e6 10. Qd2 O-O 11. Rad1 Bd7 12. Ne5 Be8 13. Nxc4 Nxc4 14. Bxc4 Nd7 15.
Bb3 Nf6 16. Bg5 Qc7 17. e5 Ng4 18. h3 f6 19. Bxe6+ Kh8 20. Bxg4 fxg5 21. Qxg5
Rd8 22. Qe3 Bd7 23. Bxd7 Rxd7 24. Ne4 Re8 25. Qc3 Qd8 26. Nd6 Re6 27. Rc1 Rexd6
28. exd6 Rxd6 29. Qc8 Bxd4 30. Qxd8+ Rxd8 31. Rfd1 Kg7 32. Kf1 Kf6 33. Rc7 Ke5
34. Rxb7 h5 35. Rb5+ Ke4 36. Rb4 g5 37. g3 h4 38. gxh4 gxh4 39. Ke2 Rd5 40.
Rbxd4+ {Black resigns} 1-0

[Event "Team 45 45 League T35"]
[Site "Internet Chess Club"]
[Date "2007.10.21"]
[Round "1"]
[White "Kalhalla"]
[Black "Creb"]
[Result "1-0"]
[WhiteElo "1898"]
[BlackElo "1744"]
[Opening "French: Chigorin variation"]
[ECO "C00"]
[Time "11:00:47"]
[TimeControl "2700+45"]

1. e4 e6 2. Qe2 Be7 3. g3 d5 4. exd5 exd5 5. Nf3 Nf6 6. Bg2 O-O 7. O-O Re8 8. d4
h6 9. c3 c6 10. Qc2 Bd6 11. Nbd2 Bg4 12. h3 Be6 13. Ne5 Bxe5 14. dxe5 Nh7 15.
Nb3 Nd7 16. f4 f5 17. Nd4 g6 18. b4 a6 19. Kh2 Rc8 20. a3 Nb6 21. Be3 Nc4 22.
Bg1 Nf8 23. g4 fxg4 24. Nxe6 Rxe6 25. hxg4 Rc7 26. a4 h5 27. g5 Nxe5 28. fxe5
Qxg5 29. Bd4 h4 30. Qf2 Nh7 31. Qf4 Qe7 32. Bh3 g5 33. Bxe6+ Qxe6 34. Qf5 Qh6
35. e6 Re7 36. Rae1 Qh5 37. Bc5 {Black resigns} 1-0

[Event "Team 45 45 League T35"]
[Site "Internet Chess Club"]
[Date "2007.10.17"]
[Round "1"]
[White "Grenadier"]
[Black "MindRide"]
[Result "1/2-1/2"]
[WhiteElo "1748"]
[BlackElo "1724"]
[Opening "Ruy Lopez: closed, 7...O-O"]
[ECO "C88"]
[Time "20:58:47"]
[TimeControl "2700+45"]

1. e4 e5 2. Nf3 Nc6 3. Bb5 a6 4. Ba4 Nf6 5. O-O Be7 6. Re1 b5 7. Bb3 O-O 8. Nc3
Bb7 9. d3 d6 10. Bg5 Na5 11. Nd2 Nxb3 12. Nxb3 c5 13. Nd2 Qd7 14. Nf1 b4 15. Ne2
d5 16. Neg3 dxe4 17. Bxf6 Bxf6 18. Nxe4 Be7 19. Nfd2 f5 20. Ng3 Bf6 21. Nh5 Qd5
22. Nxf6+ Rxf6 23. f3 Rd8 24. Kh1 Re6 25. Qe2 Qd7 26. Qf2 Qe7 27. Re3 Qf6 28.
Rae1 Rde8 29. Nb3 Qf8 30. R3e2 e4 31. fxe4 fxe4 32. Qxf8+ Rxf8 33. Kg1 Re5 34.
dxe4 c4 35. Nd2 c3 36. bxc3 bxc3 37. Nb3 Rfe8 38. Re3 Rxe4 39. Rxe4 Rxe4 40.
Rxe4 Bxe4 41. Nd4 Kf7 42. g3 Kf6 43. Kf2 Ke5 44. Ke3 h5 45. Ne2 Bxc2 46. Nxc3 g5
47. Ne2 Kd5 48. Nd4 Bb1 49. a3 Kc4 50. Ne6 Kb3 51. Nc5+ Kxa3 52. Nxa6 Bf5 53.
Kd4 h4 54. Ke5 hxg3 55. hxg3 Bc8 56. Nc5 Kb4 57. Ne4 g4 58. Kf4 Be6 59. Nf2 Kc5
60. Nxg4 Kd6 61. Nf6 Ke7 62. Nh7 Bc8 63. Ng5 Kf6 64. Ne4+ Kg6 65. Nd6 Bd7 66.
Nc4 Bc8 67. Ne3 Bd7 68. Ng4 Bc8 69. Ne5+ Kf6 {Game drawn by mutual agreement}
1/2-1/2

[Event "Team 45 45 League T35"]
[Site "Internet Chess Club"]
[Date "2007.10.20"]
[Round "1"]
[White "crazynights"]
[Black "logicg8"]
[Result "0-1"]
[WhiteElo "1693"]
[BlackElo "1742"]
[Opening "Ruy Lopez: Steinitz defense deferred (Russian defense)"]
[ECO "C90"]
[Time "14:01:44"]
[TimeControl "2700+45"]

1. e4 e5 2. Nf3 Nc6 3. Bb5 a6 4. Ba4 Nf6 5. O-O d6 6. Re1 b5 7. Bb3 Be7 8. h3
Na5 9. c3 Nxb3 10. axb3 Bb7 11. d3 O-O 12. Nbd2 c5 13. c4 Re8 14. Nf1 Nd7 15.
Ne3 Nb6 16. Nd5 Nxd5 17. cxd5 Rc8 18. Bd2 b4 19. Qe2 f5 20. Rec1 f4 21. Be1 Rf8
22. Nd2 Rf6 23. f3 Rg6 24. Nc4 Ra8 25. Na5 Bc8 26. Nc6 Qe8 27. Nxe7+ Qxe7 28.
Kh2 Qg5 29. Bd2 Bxh3 30. Rg1 Qg3+ 31. Kh1 Rh6 {White resigns} 0-1

[Event "Team 45 45 League T35"]
[Site "Internet Chess Club"]
[Date "2007.10.22"]
[Round "1"]
[White "Cantemir"]
[Black "crag"]
[Result "1-0"]
[WhiteElo "1558"]
[BlackElo "1298"]
[Opening "Queen's pawn game, Krause variation"]
[ECO "D02"]
[Time "18:59:28"]
[TimeControl "2700+45"]

1. Nf3 d5 2. d4 c5 3. e3 Nc6 4. dxc5 e5 5. Bb5 e4 6. Nd4 Bd7 7. O-O Bxc5 8. a3
a6 9. Be2 Bb6 10. c4 Nxd4 11. exd4 dxc4 12. Bxc4 Bf5 13. Be3 Nf6 14. Nc3 O-O 15.
b4 Rc8 16. Qb3 Qc7 17. Nd5 Qxc4 18. Qxc4 Rxc4 19. Nxb6 Rc2 20. Rfc1 Rxc1+ 21.
Rxc1 Rd8 22. Rc7 Nd7 23. Rxb7 Nxb6 24. Rxb6 Ra8 25. d5 Kf8 26. d6 Ke8 27. Bc5
Kd7 28. Rb7+ Ke8 29. Re7+ Kd8 30. Rxf7 a5 31. Rf8+ {Black resigns} 1-0

[Event "Team 45 45 League T35"]
[Site "Internet Chess Club"]
[Date "2007.10.21"]
[Round "1"]
[White "Russ"]
[Black "Orforded"]
[Result "0-1"]
[WhiteElo "1231"]
[BlackElo "1323"]
[Opening "QGD: 4.Bg5"]
[ECO "D50"]
[Time "10:00:59"]
[TimeControl "2700+45"]

1. d4 e6 2. c4 d5 3. Nc3 Nf6 4. Bg5 c6 5. e3 Be7 6. Nf3 Nbd7 7. Bd3 h6 8. Bh4
O-O 9. Qc2 Qc7 10. O-O a6 11. e4 c5 12. e5 dxc4 13. Bxc4 cxd4 14. Ne2 Nxe5 15.
Nxe5 Qxe5 16. Bg3 Qc5 17. Qd3 b5 18. Bb3 Bd6 19. Bxd6 Qxd6 20. Qxd4 Qxd4 21.
Nxd4 Ne4 22. Rfd1 Bb7 23. Rac1 Rfd8 24. Rc7 Bd5 25. Bc2 Nf6 26. Bb1 Be4 27. Bxe4
Nxe4 28. Rcc1 Kf8 29. f3 Nf6 30. Kf2 e5 31. Ne2 Rxd1 32. Rxd1 Rc8 33. Rc1 Rd8
34. Rc2 e4 35. fxe4 Nxe4+ 36. Ke3 Re8 37. Kf3 Ng5+ 38. Kf2 Ne4+ 39. Kf1 Rd8 40.
Ke1 a5 41. Nc3 Nxc3 42. bxc3 Re8+ 43. Kd2 f5 44. Kd3 g5 45. a3 Rd8+ 46. Ke3 f4+
47. Ke4 Kf7 48. c4 bxc4 49. Rxc4 Rd2 50. Kf5 Rxg2 51. Rc7+ Ke8 52. Ke6 Re2+ 53.
Kf6 f3 54. Kg6 f2 55. Rf7 f1=Q {White resigns} 0-1

[Event "Team 45 45 League T35"]
[Site "Internet Chess Club"]
[Date "2007.10.21"]
[Round "1"]
[White "conron"]
[Black "king4aknight"]
[Result "0-1"]
[WhiteElo "1156"]
[BlackElo "1047"]
[Opening "Ruy Lopez: Berlin defense, open variation"]
[ECO "C67"]
[Time "19:03:27"]
[TimeControl "2700+45"]

1. e4 e5 2. Nf3 Nc6 3. Bb5 Nf6 4. O-O Nxe4 5. Re1 a6 6. Bxc6 bxc6 7. Rxe4 Bb7 8.
Rxe5+ Be7 9. d4 d6 10. Re1 O-O 11. Nc3 Qd7 12. Bg5 f6 13. Bf4 Qg4 14. Rxe7 Qxf4
15. Rxc7 Bc8 16. Rxc6 Qg4 17. Rxd6 Qg6 18. Kf1 Re8 19. Qd3 Qg4 20. Qc4+ Re6 21.
Rxe6 Bxe6 22. Qc6 Rc8 23. Qxa6 Bc4+ 24. Qxc4+ Rxc4 25. a4 Qe6 26. a5 Qa6 27. Ke1
Rb4 28. b3 Qe6+ 29. Kd2 Qa6 30. Nd5 Rb8 31. Kc3 Qc6+ 32. Kd3 Qxd5 33. a6 Qf5+
34. Kc3 Rc8+ 35. Kb2 Qxc2+ 36. Ka3 Rb8 37. b4 Qc3+ 38. Ka2 Qxb4 39. Rb1 Qa4#
{White checkmated} 0-1

[Event "Team 45 45 League T35"]
[Site "Internet Chess Club"]
[Date "2007.10.18"]
[Round "1"]
[White "beerss"]
[Black "littleboo"]
[Result "0-1"]
[WhiteElo "1394"]
[BlackElo "1423"]
[Opening "Bird's opening"]
[ECO "A03"]
[Time "21:05:26"]
[TimeControl "2700+45"]

1. f4 d5 2. Nf3 g6 3. e3 Bg4 4. Bd3 Bg7 5. O-O Nf6 6. Qe1 c5 7. Bb5+ Bd7 8.
Bxd7+ Nbxd7 9. Qg3 Ne4 10. Qe1 Qb6 11. Nc3 Nxc3 12. bxc3 O-O 13. a4 e6 14. Ba3
Qa6 15. d4 b6 16. Ne5 Nxe5 17. fxe5 f6 18. dxc5 fxe5 19. cxb6 Rxf1+ 20. Qxf1
Qxf1+ 21. Rxf1 axb6 22. Rb1 Ra6 23. Bd6 b5 24. Bc5 bxa4 25. g4 Ra8 26. Ba3 Rc8
27. Kg2 e4 28. Rb7 Bxc3 29. Ra7 Be5 30. Rxa4 Rxc2+ 31. Kf1 Bxh2 32. Ra8+ Kf7 33.
Rf8+ Kg7 34. Rf2 Rxf2+ 35. Kxf2 Kf6 36. Kg2 Be5 37. Kh3 d4 38. exd4 Bxd4 39. Bb4
Kg5 40. Be7+ Kf4 41. g5 e3 42. Bf6 e2 43. Bxd4 e1=Q {White resigns} 0-1

[Event "Team 45 45 League T35"]
[Site "Internet Chess Club"]
[Date "2007.10.20"]
[Round "1"]
[White "Cataclysm"]
[Black "SeniorCitizen"]
[Result "1-0"]
[WhiteElo "1246"]
[BlackElo "1274"]
[Opening "Hungarian defense"]
[ECO "C50"]
[Time "12:02:03"]
[TimeControl "2700+45"]

1. e4 e5 2. Nf3 Nc6 3. Bc4 Be7 4. c3 Na5 5. Bxf7+ Kxf7 6. Nxe5+ Kf8 7. d4 d6 8.
Nf3 Nc6 9. O-O Bf6 10. Re1 Kf7 11. Nbd2 Nge7 12. Nf1 Ng6 13. Ng3 Re8 14. Nh5 Bg4
15. Ng5+ Bxg5 16. Qxg4 Bxc1 17. Raxc1 Qc8 18. Qd1 Kg8 19. Re3 Re7 20. Qe2 Qd7
21. Rh3 d5 22. Re3 dxe4 23. Rxe4 Rxe4 24. Qxe4 Qe7 25. Qxe7 Ncxe7 26. Re1 Rd8
27. Ng3 Kf7 28. Ne4 b6 29. Ng5+ Kg8 30. g3 h6 31. Nf3 Kf7 32. h4 Rd5 33. g4 h5
34. Ng5+ Ke8 35. Ne6 Kd7 36. g5 Nxh4 37. Kf1 Nf3 38. Nf8+ Kd6 39. Re6# {Black
checkmated} 1-0

[Event "Team 45 45 League T35"]
[Site "Internet Chess Club"]
[Date "2007.10.21"]
[Round "1"]
[White "knight2f3"]
[Black "JimGaming"]
[Result "1-0"]
[WhiteElo "1277"]
[BlackElo "1186"]
[Opening "Giuoco Piano"]
[ECO "C50"]
[Time "14:08:20"]
[TimeControl "2700+45"]

1. e4 e5 2. Nf3 Nc6 3. Bc4 Bc5 4. O-O Nf6 5. c3 Rg8 6. Ng5 Rf8 7. Re1 d6 8. d3
h6 9. Nf3 Be6 10. Bb5 Qd7 11. d4 exd4 12. cxd4 Bb6 13. d5 Bg4 14. dxc6 bxc6 15.
Ba6 Kd8 16. Be3 Re8 17. Nc3 Re5 18. Nxe5 dxe5 19. Qxd7+ Kxd7 20. Bxb6 cxb6 21.
f3 Be6 22. Red1+ Kc7 23. Bf1 b5 24. Rac1 a6 25. a4 Bb3 26. Rd2 bxa4 27. Be2 Kb6
28. Bd1 Ra7 29. Nxa4+ Bxa4 30. Bxa4 c5 31. Rd6+ Ka5 32. Bb3 Kb4 33. Bxf7 a5 34.
Be6 a4 35. Rc6 Ra5 36. Rb6+ Rb5 37. Rc4+ Ka5 38. Rxb5+ Kxb5 39. Rc3 Kb4 40. Ra3
Ne8 41. Bd7 Nd6 42. Rxa4+ Kb3 43. Ra5 Kb4 44. Ra8 c4 45. Rb8+ Kc5 46. Kf1 Kd4
47. Ke2 c3 48. bxc3+ Kxc3 49. Rg8 g5 50. Rg6 Nf7 51. Be6 Nd8 52. Bd5 g4 53. Rxg4
Kd4 54. Rg8 h5 55. Rxd8 h4 56. Be6+ Kc3 57. h3 Kc2 58. Rc8+ Kb2 59. Kd3 Ka1 60.
Bg4 Kb1 61. Kd2 Kb2 62. Rb8+ Ka1 63. Kc2 Ka2 64. Ra8# {Black checkmated} 1-0

[Event "Team 45 45 League T35"]
[Site "Internet Chess Club"]
[Date "2007.10.19"]
[Round "1"]
[White "tmac63"]
[Black "chips"]
[Result "0-1"]
[WhiteElo "1058"]
[BlackElo "1156"]
[Opening "Queen's pawn: English defense"]
[ECO "A40"]
[Time "20:06:11"]
[TimeControl "2700+45"]

1. d4 b6 2. Nf3 Bb7 3. Bf4 d6 4. e3 e6 5. Be2 Nf6 6. O-O Nbd7 7. c3 Be7 8. Nbd2
a5 9. Qc2 Ba6 10. Bd3 Bxd3 11. Qxd3 Qc8 12. a3 Qa6 13. Qxa6 Rxa6 14. b4 O-O 15.
e4 Rfa8 16. Rfe1 axb4 17. cxb4 Rxa3 18. Nb3 Rxa1 19. Nxa1 Nh5 20. h3 Nxf4 21.
Rc1 Ne2+ 22. Kf1 Nxc1 23. Nc2 Ra2 24. Ne3 Ra4 25. Nc2 Nd3 26. g4 Nxb4 27. h4
Nxc2 28. g5 Nxd4 29. Ne1 Ra1 30. f4 Nc2 31. Ke2 Nxe1 32. Kf2 Nd3+ 33. Kg3 f6 34.
g6 hxg6 35. Kg4 b5 36. h5 gxh5+ 37. Kxh5 Nxf4+ {White resigns} 0-1

[Event "Team 45 45 League T35"]
[Site "Internet Chess Club"]
[Date "2007.10.21"]
[Round "1"]
[White "Lionskins"]
[Black "merecat"]
[Result "1-0"]
[WhiteElo "1539"]
[BlackElo "1350"]
[Opening "Polish (Sokolsky) opening"]
[ECO "A00"]
[Time "12:04:37"]
[TimeControl "2700+45"]

1. b4 Nf6 2. Bb2 d6 3. c4 b6 4. Nc3 Bb7 5. e3 e6 6. h3 Be7 7. Qa4+ c6 8. Nf3 O-O
9. Qc2 e5 10. Ng5 h6 11. h4 c5 12. bxc5 bxc5 13. Nd5 Nxd5 14. Qh7# {Black
checkmated} 1-0